Unix NetHack Version 5.0.0-0 post-release - last build Jun 10 2026 00:39:30 (3ee93aec679c4c4259841fe613dc97188e26a321,branch:main).

Game began 2026-06-17 12:45:07, ended 2026-06-17 13:01:45.

GdeVolpiano, neutral male human Archeologist

                                $                              ------
                                    ----------------  ########@q....|
                            $       |.>.............#          |.Z..|
     ----------------               |..............|###########->...|
     |.......<.)....|#             #...............|#          ----|-
     |..............|#######  ######----------.-----##             #
     |.....).........##########              ###    ####           #
     |..............|       #                 #        ##          #
     ----------------       #  $              #         #        $ #
                            #                ##         ###        #
      $   $     $           #####            #            #        ##
        $                       #            #            ####      #
              $                 #  ---.------|-           # -+------|-----
     $                          #  |.....[`...|         ####...........*.|
                                ###........(..-##########   |............|
                                   ------------             --------------

GdeVolpiano the Field Worker  St:14 Dx:10 Co:15 In:13 Wi:15 Ch:9  Neutral
Dlvl:4  $:1056 HP:0(34) Pw:22(22) AC:-4 Xp:4 T:2351 

Latest messages:
 The rothe just misses!
 You hit the rothe.
 You miss the rothe.
 The rothe hits!
 The rothe misses!
 The rothe misses!
 You hit the rothe.
 You miss the rothe.
 The rothe hits!
 The rothe misses!
 The rothe misses!
 You hit the rothe.
 The rothe misses!
 The rothe misses!
 The rothe misses!
 You kill the rothe!
 There is an open door here.
 You see here a rothe corpse.
 There is an open door here.
 You see here a rothe corpse.
 You see here a partly eaten jackal corpse.
 You hear a door open.
 You miss the rothe.
 The rothe hits!
 The rothe bites!
 The rothe bites again!
 You hit the rothe.
 The rothe misses!
 The rothe misses!
 The rothe just misses!
 You hit the rothe.
 The rothe hits!
 The rothe bites!
 The rothe misses!
 What do you want to drink? [N or ?*]
 You detect the presence of objects.
 (For instructions type a '?')
 Done.
 The rothe hits!
 The rothe bites!
 The rothe bites again!
 You hit the rothe.
 The rothe misses!
 The rothe bites!
 The rothe bites again!
 You hit the rothe.
 The rothe hits!
 You die...
 Do you want your possessions identified? [ynq] (y)
 Do you want to see your attributes? [ynq] (y)

Inventory:
 Coins    ('$')
  $ - 1056 gold pieces
 Weapons  (')')
  J - a +0 aklys (alternate weapon; not wielded)
  a - a +2 bullwhip
 Armor    ('[')
  o - a blessed +0 dwarvish iron helm (being worn)
  q - an uncursed +0 small shield (being worn)
  r - a blessed +3 robe (being worn)
  m - an uncursed +0 banded mail (being worn)
 Comestibles  ('%')
  G - an uncursed fig
  d - 4 uncursed food rations
 Scrolls  ('?')
  H - an uncursed scroll of identify
 Rings    ('=')
  t - an uncursed ring of teleport control (on right hand)
 Wands    ('/')
  D - a cursed wand of create monster (0:12)
 Tools    ('(')
  h - an empty uncursed sack
  l - an uncursed blindfold
  e - a thoroughly corroded +0 pick-axe (weapon in right hand)
  k - a cursed skeleton key
  I - an uncursed tallow candle
  C - a cursed tin opener
 Gems/Stones  ('*')
  K - an uncursed worthless piece of black glass
  M - an uncursed worthless piece of orange glass
  g - an uncursed touchstone

GdeVolpiano the Archeologist's attributes:

Background:
 You were a Field Worker, a level 4 male human Archeologist.
 You were neutral, on a mission for Camaxtli
 who was opposed by Quetzalcoatl (lawful) and Huhetotl (chaotic).
 You were right-handed.
 You were in the Dungeons of Doom, on level 4.
 You entered the dungeon 2351 turns ago.
 There was a new moon in effect when your adventure ended.
 You had 115 experience points, 45 more were needed to attain level 5.

Basics:
 You had 0 out of 34 hit points.
 You had all 22 energy points (spell power).
 Your armor class was -4.
 Your wallet contained 1056 zorkmids.
 Autopickup was on for '$?!/="+' plus thrown, with exceptions.

Final Characteristics:
 Your strength was 14 (limit:18/100).
 Your dexterity was 10 (limit:18).
 Your constitution was 15 (limit:18).
 Your intelligence was 13 (limit:18).
 Your wisdom was 15 (limit:18).
 Your charisma was 9 (limit:18).

Final Status:
 You weren't hungry.
 You were unencumbered.
 You were wielding a pick-axe.
 You had basic skill with pick-axe.

Final Attributes:
 You were piously aligned.
 You were telepathic.
 You had automatic searching.
 You had teleport control.
 You were guarded.
 You are dead.

Miscellaneous:
 You didn't encounter any bones levels.
 Total elapsed playing time was 16 minutes and 34 seconds.

Major events:
 Turn
    1: GdeVolpiano the neutral male human Archeologist entered the dungeon
 1758: attained the rank of Field Worker (level 3)
 1862: entered the Gnomish Mines
 2351: killed by a rothe

You didn't know any spells.

Skills:
 Fighting Skills
   bare handed combat [Unskilled]
   two weapon combat  [Unskilled]
   riding             [Unskilled]
 Weapon Skills
   dagger             [Unskilled]
   knife              [Unskilled]
   pick-axe           [Basic]
   short sword        [Unskilled]
   saber              [Unskilled]
   club               [Unskilled]
   quarterstaff       [Unskilled]
   sling              [Unskilled]
   dart               [Unskilled]
   boomerang          [Unskilled]
   whip               [Basic]
   unicorn horn       [Unskilled]
 Spellcasting Skills
   attack spells      [Unskilled]
   healing spells     [Unskilled]
   divination spells  [Unskilled]
   matter spells      [Unskilled]

Voluntary challenges:
 Character rerolling was not enabled.
 You never genocided any monsters.
 You never polymorphed an object.
 You never changed form.
 You used no wishes.
Achievements:
 You entered a shop.
 You attained the rank of Field Worker.
 You entered the Gnomish Mines.

 The Dungeons of Doom: levels 1 to 5
    Level 1:
    Level 2:
       An armor shop.
    Level 3:
    Level 4: <- You were here.
       Stairs down to The Gnomish Mines.
       Final resting place for
          you, killed by a rothe.
    Level 5:
 The Gnomish Mines:
    Level 5:


Vanquished creatures:
  a little dog
  a floating eye
  a rothe
  a werejackal
  2 iguanas
  2 acid blobs
  a coyote
  a giant rat
  a yellow mold
  a green mold
  3 gnomes
  a gnome zombie
  a gecko
  6 jackals
  2 goblins
  a sewer rat
  6 grid bugs
  a bat
  6 lichens
  3 kobold zombies
  6 newts
48 creatures vanquished.

No species were genocided or became extinct.

Game over:
                       ----------
                      /          \
                     /    REST    \
                    /      IN      \
                   /     PEACE      \
                  /                  \
                  |   GdeVolpiano    |
                  |     1056 Au      |
                  |   killed by a    |
                  |      rothe       |
                  |                  |
                  |                  |
                  |       2026       |
                 *|     *  *  *      | *
        _________)/\\_//(\/(/\)/\//\/|_)_______

Goodbye GdeVolpiano the Archeologist...

You died in The Dungeons of Doom on dungeon level 4 with 1631 points,
and 1056 pieces of gold, after 2351 moves.
You were level 4 with a maximum of 34 hit points when you died.

